 Dungeon Crawl Stone Soup version 0.31-a0-740-g87205ac768 (webtiles) character file.

Game seed: 2217629701722061665

520 Iich the Covered (level 7, 0/62 HPs)
             Began as a Minotaur Fighter on Sept 12, 2023.
             Slain by an orc
             ... wielding a +0 falchion
              (1 damage)
             ... on level 4 of the Dungeon.
             The game lasted 00:06:28 (3110 turns).

Iich the Covered (Minotaur Fighter)                 Turns: 3110, Time: 00:06:28

Health: 0/62       AC: 10    Str: 19 (21) XL:     7   Next: 1%
Magic:  6/6        EV:  8    Int:  5      God:
Gold:   189        SH:  4    Dex:  9 (11) Spells: 6/6 levels left

rFire   . . .        a - +0 war axe
rCold   . . .        c - +0 buckler
rNeg    . . .        m - +0 chain mail
rPois   .            f - +0 hat
rElec   .            (no cloak)
rCorr   .            (no gloves)
SInv    .            (no boots)
Will    .....        (no amulet) Stlth
                     (no ring)
HPRegen 0.30/turn    (no ring)
MPRegen 0.10/turn

%: no passive effects
@: no status effects
A: horns 2, retaliatory headbutt
a: no special abilities


You were on level 4 of the Dungeon.
You visited 1 branch of the dungeon, and saw 5 of its levels.

You collected 189 gold pieces.

Inventory:

Hand Weapons
 a - a +0 war axe (weapon)
Missiles
 n - 2 throwing nets
Armour
 b - a +0 scale mail
 c - a +0 buckler (worn)
 f - a +0 hat (worn)
 m - a +0 chain mail (worn)
Talismans
 j - a flux talisman
Wands
 p - a wand of flame (21)
Scrolls
 e - a scroll of brand weapon {unknown}
 g - a scroll of identify {unknown}
 k - a scroll of vulnerability {unknown}
 l - 2 scrolls of immolation
 q - a scroll of silence {unknown}
 r - a scroll of fear {unknown}
 t - a scroll of teleportation
Potions
 d - a potion of might
 h - a potion of haste
 o - a potion of attraction


   Skills:
 + Level 5.7 Fighting
 + Level 5.0 Axes
 + Level 5.7 Armour
 + Level 3.8 Dodging
 - Level 3.6 Shields


You had 6 spell levels left.
You didn't know any spells.
Your spell library contained the following spells:

 Spells                   Type           Power      Damage    Failure   Level
 Cigotuvi's Dreadful Rot  Necr/Pois/Air  0%         N/A       100%        2
 Ignite Poison            Fire/Tmut/Pois 0%         N/A       100%        3
 Inner Flame              Hex/Fire       0%         N/A       100%        3
 Freezing Cloud           Conj/Ice/Air   0%         6-21      100%        5
 Yara's Violent Unravell  Hex/Tmut       0%         3d3       100%        5
 Enfeeble                 Hex            0%         N/A       100%        7


Dungeon Overview and Level Annotations

Branches:
Dungeon (5/15)
 Temple: D:4-7

Altars:
Ashenzari
Elyvilon
Qazlal
The Shining One

Annotations:
D:5 Dowan


Innate Abilities, Weirdness & Mutations

You have a pair of horns on your head.
You reflexively headbutt those who attack you in melee.


Message History

The orc shouts!
You hit the orc wizard.
The orc wizard is almost dead.
You block the orc wizard's attack. You block the orc priest's attack.
The orc wizard hits you but does no damage.
You closely miss the orc wizard.
The orc wizard is almost dead.
You closely miss the orc priest.
The orc wizard hits you but does no damage.
The orc priest calls upon Beogh to heal the orc wizard.
The orc wizard is healed somewhat.
You slice the orc priest!!
You kill the orc priest!
You closely miss the orc. You barely miss the orc wizard.
The orc hits you but does no damage. The orc wizard completely misses you.
You feel your strength returning.
Unknown command.
You barely miss the orc. You slash the orc wizard!
You kill the orc wizard!
The orc zaps a wand.
The bolt of dispelling energy hits you but does no damage.
Your magical effects are unravelling.
Your Axes skill increases to level 5!
You have reached level 7!
MP restored: 6 You closely miss the orc.
You feel less wooden.
Your +0 hat unmelds from your body.
Your +0 chain mail unmelds from your body.
You feel a little less mighty now. The orc hits you with a +0 hand axe.
* * * LOW HITPOINT WARNING * * *
The orc hits you with a +0 falchion!
* * * LOW HITPOINT WARNING * * *
The orc completely misses you.
You now have 1/62 hp.
Okay, then.
Okay, then.
The orc hits you with a +0 falchion.
You die...

##.)# #.# .#.##
#.. .g..## ##.#
...o.# #.#####
..##.## #.#...##
.###..## #......##
## ##..##
#.......# # ##..#
#.......# #
##.###....)@># #
#..รท.....oo##
#####.......#
#.......# ####
###.......# ...#
#........##
>..######.#.#...##
...##.....#..####
..!...######.#


You could see 2 orcs.

Vanquished Creatures
  3 hounds (D:4)
  An orc priest (D:4)
  Ijyb (D:4)
  4 orc wizards (D:4)
  Robin (D:2)
  11 gnolls
  3 adders
  2 dart slugs
  19 orcs
  6 endoplasms
  3 giant cockroaches
  11 hobgoblins
  5 jackals
  17 kobolds
  3 quokkas
  5 ball pythons
  9 bats
  10 goblins
  4 rats
  A spectral weapon (D:4)
119 creatures vanquished.

Notes
Turn   | Place    | Note
-------+----------+-------------------------------------------
     0 | D:1      | Iich the Minotaur Fighter began the quest for the Orb.
     0 | D:1      | Reached XP level 1. HP: 19/19 MP: 0/0
   283 | D:1      | Reached XP level 2. HP: 27/27 MP: 1/1
   331 | D:1      | Reached skill level 1 in Dodging
   661 | D:2      | Noticed Robin
   672 | D:2      | Reached XP level 3. HP: 33/33 MP: 2/2
   684 | D:2      | Killed Robin
   822 | D:2      | Reached XP level 4. HP: 38/40 MP: 3/3
  1460 | D:3      | Found a broken altar of Ashenzari.
  1460 | D:3      | Found a glowing golden altar of the Shining One.
  1529 | D:3      | Found a white marble altar of Elyvilon.
  1680 | D:3      | Reached XP level 5. HP: 33/47 MP: 4/4
  2160 | D:3      | Found a stormy altar of Qazlal.
  2466 | D:4      | Noticed Ijyb
  2475 | D:4      | Killed Ijyb
  2476 | D:4      | Reached skill level 5 in Armour
  2590 | D:4      | Reached skill level 5 in Fighting
  2595 | D:4      | Reached XP level 6. HP: 29/56 MP: 5/5
  3088 | D:5      | Entered Level 5 of the Dungeon
  3088 | D:5      | Noticed Dowan
  3109 | D:4      | Reached skill level 5 in Axes
  3109 | D:4      | Reached XP level 7. HP: 14/62 MP: 6/6
  3109 | D:4      | HP: 1/62 [orc/+0 falchion (7)]
  3110 | D:4      | Slain by an orc

Illustrated notes

Levels and vault maps discovered:
D:1:      dpeg_arrival_fog, layout_basic, hangedman_decor_push
D:2:      layout_basic, serial_park_tiny_2, kennysheep_generic_room_16,
          uniq_robin
D:3:      layout_basic, lemuel_tele_altar, general_overflow_altar,
          mainiacjoe_overflow_large_starburst, roderic_batcave, minmay_cupped
D:4:      layout_rooms, minmay_goblin_kobold_house, uniq_ijyb
D:5:      corexii_shantytown, layout_rooms, grunt_dithmenos_smoke_and_mirrors,
          gammafunk_temple_overflow_elements, hangedman_decor_lopped,
          uniq_crazy_yiuf_cottage, uniq_blork_the_orc, uniq_duvessa, uniq_edmund

Skill      XL: |  1  2  3  4  5  6 |
---------------+-------------------+-----
Dodging        | 1 2 3 |  3.8
Armour         | 4 5 |  5.7
Fighting       | 4 5 |  5.7
Axes           | 3 4 5 |  5.0
Shields        | |  3.6

Action                     |  1- 3 |  4- 6 |  7- 9 || total
---------------------------+-------+-------+-------++-------
  Melee: War axe           |    59 |   195 |     1 ||   255
         Headbutt          |    13 |    21 |       ||    34
    Use: Potion            |       |     7 |       ||     7
         Scroll            |       |     2 |       ||     2
 Armour: Scale mail        |    31 |    13 |       ||    44
         Chain mail        |       |   143 |     3 ||   146
         Skin              |       |    15 |       ||    15
  Dodge: Dodged            |    28 |    88 |     1 ||   117
  Block: Buckler           |    19 |    53 |       ||    72

Table legend: (Time is in decaauts)
 A = Elapsed time spent in this place.
 B = Non-inter-level travel time spent in this place.
 C = Inter-level travel time spent in this place.
 D = Time resting spent in this place.
 E = Time spent auto-exploring this place.
 F = Levels seen in this place.
 G = Mean time per level.
                   A        B        C        D        E       F      G
               +--------+--------+--------+--------+--------+-----+--------+
         Total |   3176 |   3131 |     45 |    140 |   2329 |   5 |  635.2 |
       Dungeon |   3176 |   3131 |     45 |    140 |   2329 |   5 |  635.2 |
               +--------+--------+--------+--------+--------+-----+--------+

Top non-repeatable levels by time:
     D:3: 1022 daAuts
     D:2: 817 daAuts
     D:4: 683 daAuts
     D:1: 650 daAuts
     D:5: 1 daAuts
